 Dungeon Crawl Stone Soup version 0.18.1-5-g4a78601 (webtiles) character file.

3109 Helmschank the Basher (level 9, -4/49 HPs)
             Began as a Gargoyle Earth Elementalist on May 10, 2016.
             Was a Priest of Okawaru.
             Slain by an orc warrior (12 damage)
             ... in a bailey.
             The game lasted 01:00:24 (9634 turns).

Helmschank the Basher (Gargoyle Earth Elementalist) Turns: 9634, Time: 01:00:25

Health: -4/49      AC: 11    Str: 12    XL:     9   Next: 91%
Magic:  9/12       EV: 11    Int: 22    God:    Okawaru [***...]
Gold:   346        SH:  0    Dex: 10    Spells: 2 memorised, 8 levels left

rFire  . . .     SeeInvis .     a - +4 whip (elec)
rCold  . . .     Gourm    .     s - +0 leather armour
rNeg   + . .     Faith    .     (no shield)
rPois  ∞         Spirit   .     (no helmet)
rElec  +         Dismiss  .     y - +0 cloak
rCorr  .         Reflect  .     x - +0 pair of gloves
SustAt .         Harm     .     (no boots)
MR     .....                    (no amulet)
Stlth  ++........               (no ring)
                                A - +3 ring of intelligence

@: not resistant to hostile enchantments, unstealthy
A: negative energy resistance 1, electricity resistance, unbreathing,
petrification resistance, rot immunity, AC +5
a: Heroism, Renounce Religion


You were in a bailey.
You worshipped Okawaru.
Okawaru was most pleased with you.
You were not hungry.

You visited 2 branches of the dungeon, and saw 9 of its levels.
You also visited: Bailey.

You collected 346 gold pieces.

Inventory:

Hand Weapons
 a - a +4 whip of electrocution (weapon)
 e - a +0 blowgun
 f - a +0 hand crossbow
 l - a cursed -1 arbalest
Missiles
 b - 115 stones
 q - 29 poisoned needles
 w - 247 bolts
 F - 7 javelins (quivered)
 J - 5 silver javelins
Armour
 k - a +0 robe
 s - a +0 leather armour (worn)
 x - a +0 pair of gloves (worn)
 y - a +0 cloak (worn)
Rods
 m - a -2 rod of ignition (11/11)
   (You found it on level 7 of the Dungeon)
Jewellery
 A - a +3 ring of intelligence (left hand)
 L - an uncursed ring of ice
Wands
 r - a wand of disintegration (22/24)
 E - a wand of disintegration (18/24)
 G - a wand of iceblast (13/15)
Scrolls
 g - a scroll of remove curse
 h - a scroll of recharging
 n - 2 scrolls of teleportation
 u - a scroll of random uselessness {unknown}
 H - 3 scrolls of enchant armour {unknown}
 M - a scroll of blinking
Potions
 i - 2 potions of heal wounds
 j - 8 potions of curing
 o - a potion of ambrosia {unknown}
 p - 2 potions of haste
 t - a potion of might {unknown}
 v - a potion of flight {unknown}
 D - a potion of cancellation {unknown}
Books
 c - a book of Geomancy

   Spells                             Type                      Level
   a - Sandblast                      Earth                        1
   b - Passwall                       Transmutation/Earth          2
   c - Stone Arrow                    Conjuration/Earth            3
   d - Petrify                        Transmutation/Earth          4
   e - Lee's Rapid Deconstruction     Earth                        5
Comestibles
 d - 4 bread rations
 z - 4 meat rations
 B - a chunk of flesh


   Skills:
 - Level 2.5 Fighting
 * Level 10.7 Maces & Flails
 - Level 2.1 Armour
 - Level 2.0 Dodging
 - Level 2.2 Stealth
 - Level 2.2 Spellcasting
 + Level 5.7 Conjurations
   Level 0.7 Transmutations
 - Level 6.2 Earth Magic


You had 8 spell levels left.
You knew the following spells:

 Your Spells              Type           Power        Failure   Level  Hunger
a - Stone Arrow           Conj/Erth      ####..       4%          3    ###....
z - Sandblast             Erth           ####..       1%          1    #......


Dungeon Overview and Level Annotations

Branches:
Dungeon (8/15)             Temple (1/1) D:5
   Lair: D:8-11

Altars:
Ashenzari
Cheibriados
Dithmenos
Elyvilon
Fedhas
Gozag
Kikubaaqudgha
Makhleb
Nemelex Xobeh
Okawaru
Pakellas
Qazlal
Ru
Sif Muna
Trog
Vehumet
Xom
Yredelemnul
Zin
The Shining One

Shops:
D:6 (

Annotations:
D:3 blooo's ghost, weakling GrGl


Innate Abilities, Weirdness & Mutations

You are resistant to torment.
Your stone body is resilient (AC +5).
You are immune to poison.
You resist negative energy.
You are resistant to electric shocks.
You can survive without breathing.
You are immune to petrification.
You are immune to rotting.


Message History

You take 12 damage, and have 15/49 hp.
MASSIVE DAMAGE!!
Casting: Stone Arrow
Confirm with . or Enter, or press ? or * to list all spells.
Aiming: Stone Arrow
Press: ? - help, Shift-Dir - straight line, f - orc warrior
Aim: an orc warrior, wielding an arbalest and wearing a ring mail The stone arrow misses the orc warrior.
You now have 9/12 mp.
Casting: Stone Arrow
Confirm with . or Enter, or press ? or * to list all spells.
Okay, then.
You barely miss the orc warrior.
The orc warrior unwields an uncursed arbalest.
The orc warrior hits you!
* * * LOW HITPOINT WARNING * * *
You take 8 damage, and have 8/49 hp.
You closely miss the orc warrior.
You hit the orc warrior but do no damage.
The orc warrior hits you!
You die...

#.............#
#.............#
#.............#
#............(#
#.............##
#............(.#
#............(.##
#.......(.((....##
#......@≈≈≈≈≈....#### ##
#.....o≈≈#.#≈≈......###.
#......≈##.##≈).........
#......≈..^..≈..........
#....)[≈##.##≈..........
#......≈≈#)#≈≈.......)..
#....)..≈≈≈≈≈...........
#..................)....
#.......................


You could see an orc warrior.

Vanquished Creatures
  Grinder (D:5)
  Sigmund (D:3)
  A hippogriff (D:7)
  A hungry ghost (D:7)
  2 orc warriors (Bailey)
  3 sky beasts
  An ice beast (D:7)
  2 ogres
  2 necrophages
  2 phantoms (D:7)
  3 centaurs
  A giant frog (D:3)
  A howler monkey (D:7)
  5 crimson imps
  A giant frog zombie (D:5)
  4 hounds
  An orc priest (D:8)
  2 jellies
  A gnoll shaman (D:3)
  Crazy Yiuf (D:4)
  3 orc wizards
  An iguana (D:6)
  A giant frog skeleton (D:5)
  4 worker ants
  2 hound skeletons (D:7)
  A howler monkey zombie (D:7)
  11 gnolls
  9 adders
  3 shadow imps
  An adder skeleton (D:4)
  4 worms
  5 giant geckos
  24 orcs
  4 giant cockroaches
  7 goblins
  4 hobgoblins
  21 jackals
  6 quokkas
  A ball python (D:3)
  6 bats
  3 giant newts
  A jackal skeleton (D:8)
  A jackal zombie (D:6)
  8 kobolds
  2 quokka skeletons (D:4)
  3 rats
172 creatures vanquished.

Notes
Turn   | Place    | Note
--------------------------------------------------------------
     0 | D:1      | Helmschank the Gargoyle Earth Elementalist began the quest for the Orb.
     0 | D:1      | Reached XP level 1. HP: 10/10 MP: 3/3
   657 | D:1      | Reached XP level 2. HP: 15/15 MP: 3/5
  1366 | D:2      | Reached skill level 1 in Maces & Flails
  1370 | D:2      | Reached XP level 3. HP: 19/19 MP: 3/6
  1897 | D:2      | Found a shadowy altar of Dithmenos.
  2008 | D:2      | Reached skill level 1 in Fighting
  2147 | D:2      | Found a sacrificial altar of Ru.
  2182 | D:2      | Reached skill level 2 in Maces & Flails
  2409 | D:3      | Reached XP level 4. HP: 25/25 MP: 4/7
  2473 | D:3      | Noticed blooo's ghost (weakling GrGl)
  2754 | D:3      | Learned a level 3 spell: Stone Arrow
  3305 | D:3      | Noticed Sigmund
  3310 | D:3      | Killed Sigmund
  3310 | D:3      | Reached skill level 3 in Maces & Flails
  3310 | D:3      | Reached skill level 1 in Armour
  3310 | D:3      | Reached XP level 5. HP: 19/31 MP: 2/8
  3310 | D:3      | Reached XP level 6. HP: 22/36 MP: 2/9
  3542 | D:3      | Reached skill level 4 in Maces & Flails
  4179 | D:4      | Reached skill level 5 in Maces & Flails
  4179 | D:4      | Reached skill level 1 in Conjurations
  4179 | D:4      | Reached XP level 7. HP: 10/40 MP: 7/10
  4300 | D:4      | Found a white marble altar of Elyvilon.
  4696 | D:4      | Found an iron altar of Okawaru.
  4704 | D:4      | Became a worshipper of Warmaster Okawaru
  4816 | D:4      | Found a stormy altar of Qazlal.
  4895 | D:4      | Noticed Crazy Yiuf
  4902 | D:4      | Killed Crazy Yiuf
  5083 | D:5      | Entered Level 5 of the Dungeon
  5110 | D:5      | Reached skill level 6 in Maces & Flails
  5341 | D:5      | Found a glowing silver altar of Zin.
  5680 | D:5      | Reached skill level 5 in Earth Magic
  5680 | D:5      | Reached XP level 8. HP: 42/45 MP: 11/11
  5727 | D:5      | Reached skill level 7 in Maces & Flails
  5753 | D:5      | Found a blossoming altar of Fedhas.
  5823 | D:5      | Reached * piety under Okawaru
  5844 | D:5      | Found a radiant altar of Vehumet.
  5863 | D:5      | Noticed Grinder
  5877 | D:5      | Killed Grinder
  6021 | D:5      | Reached skill level 8 in Maces & Flails
  6058 | D:5      | Found a staircase to the Ecumenical Temple.
  6068 | Temple   | Entered the Ecumenical Temple
  6475 | D:6      | Found an iron altar of Okawaru.
  6818 | D:6      | Found Singeab's Weapon Shop.
  6876 | D:6      | Found a shimmering altar of Xom.
  7079 | D:6      | Reached ** piety under Okawaru
  7120 | D:6      | Found a sparkling altar of Nemelex Xobeh.
  7120 | D:6      | Found an ancient bone altar of Kikubaaqudgha.
  7385 | D:7      | Reached XP level 9. HP: 48/49 MP: 6/12
  7394 | D:7      | Reached skill level 9 in Maces & Flails
  7489 | D:7      | Identified a -2 rod of ignition (11/11) (You found it on level 7 of the Dungeon)
  7496 | D:7      | Found a burning altar of Makhleb.
  7625 | D:7      | Found a glowing golden altar of the Shining One.
  7813 | D:7      | Found a basalt altar of Yredelemnul.
  7838 | D:7      | Reached skill level 10 in Maces & Flails
  8180 | D:8      | Reached skill level 5 in Conjurations
  8184 | D:8      | Reached *** piety under Okawaru
  8224 | D:8      | Found a bloodstained altar of Trog.
  8488 | D:8      | Found a flagged portal.
  8521 | Bailey   | Entered a bailey
  9634 | Bailey   | Slain by an orc warrior

Skill      XL: |  1  2  3  4  5  6  7  8  9 |
---------------+----------------------------+-----
Earth Magic    | 4 5 6 |  6.2
Maces & Flails | 1 2 3 5 6 8 10 | 10.7
Fighting       | 1 2 |  2.5
Dodging        | 2 |  2.0
Armour         | 1 2 |  2.1
Conjurations   | 1 2 3 5 |  5.7
Stealth        | |  2.2
Spellcasting   | |  2.2
Transmutations | |  0.7

Action                   |  1- 3 |  4- 6 |  7- 9 || total
-------------------------+-------+-------+-------++-------
Melee: Unarmed           |     6 |       |       ||     6
       Club              |    21 |       |       ||    21
       Whip              |       |    29 |   349 ||   378
 Fire: Blowgun           |       |     4 |       ||     4
       Hand crossbow     |       |       |     3 ||     3
Throw: Stone             |     5 |     2 |     1 ||     8
 Cast: Sandblast         |    61 |    69 |    52 ||   182
       Stone Arrow       |       |       |    46 ||    46
  Use: Scroll            |       |       |    13 ||    13
       Potion            |       |       |     2 ||     2
 Stab: Sleeping          |     1 |       |     3 ||     4
       Distracted        |       |       |     1 ||     1
  Eat: Chunk             |     5 |     5 |    24 ||    34
       Fruit             |       |     2 |       ||     2
Armor: Robe              |    21 |       |       ||    21
       Leather armour    |     1 |    22 |   155 ||   178
Dodge: Dodged            |    42 |    37 |   185 ||   264
